AoeStats
← 落花之情

Arena

504272744Analyzed
4v4 RM · 27d ago on Sep 4, 2026· 42m 22s· 8 players
Game mode
Random Map
Map size
Large (8 player)
Population
200
Speed
Normal
Resources
Standard
Victory
Conquest
Starting age
Dark Age
Ending age
Imperial Age
RankedLock teamsTeams togetherTeam positionsShared explorationLock speedFull tech treeHidden civsTurbo modeCheats
Victory
Defeat
1654
+13
🇮🇳 Japanese · India
1580
+16
🇨🇳 Spanish · China
1543
+18
🇲🇽 Khmer · Mexico
1503
+18
🇨🇳 Bohemians · China
1607
-18
🇷🇺 Slavs · Russia
1597
-17
🇯🇴 Maya · Jordan
1596
-17
🇧🇾 Shu · Belarus
1514
-13
Ginger lee fondle your meatballs
10:06 Feudal Age
14:08 Castle Age
11:56 Double-Bit Axe
12:41 Gold Mining
13:28 Loom
16:48 Sanctity
20:22 Atonement
22:09 Fervor
23:18 Bow Saw
26:43 Stone Mining
30:21 Wheelbarrow
29:32 Town Watch
32:13 Redemption
32:59 Hand Cart
34:06 Gold Shaft Mining
34:36 Fletching
34:47 Padded Archer Armor
38:07 Imperial Age
36:39 Scale Barding Armor
36:45 Forging
37:54 Chain Barding Armor
36:57 Light Cavalry
37:48 Bloodlines
37:38 Husbandry
39:34 Iron Casting
39:21 Conscription
39:18 Horse Collar
39:11 Elite Battle Elephant
40:38 Plate Barding Armor
39:59 Heavy Scorpion
42:28 Mahayana
42:55 Iron Casting
Issue
10:19 Feudal Age
14:05 Castle Age
12:20 Double-Bit Axe
12:46 Horse Collar
15:06 Bow Saw
15:29 Heavy Plow
19:20 Wheelbarrow
20:29 Hand Cart
20:48 Loom
22:39 Gold Mining
24:55 Fletching
27:44 Imperial Age
25:15 Stone Mining
26:07 Bodkin Arrow
26:07 Guard Tower
26:00 Man-at-Arms
26:26 Gambesons
26:46 Squires
27:02 Gold Mining
26:57 Long Swordsman
27:48 Arson
28:39 Bracer
29:49 Chemistry
28:21 Two-Handed Swordsman
30:29 Keep
30:53 Scale Mail Armor
31:03 Forging
31:58 Ballistics
31:56 Chain Mail Armor
33:02 Iron Casting
33:31 Two-Man Saw
32:22 Champion
33:38 Yasama
34:54 Kataparuto
34:54 Conscription
35:51 Siege Engineers
36:26 Plate Mail Armor
37:39 Blast Furnace
42:09 Pikeman
快乐不易
11:20 Feudal Age
14:45 Castle Age
12:57 Double-Bit Axe
12:54 Horse Collar
16:32 Bow Saw
16:23 Heavy Plow
22:14 Padded Archer Armor
26:22 Leather Archer Armor
26:54 Wheelbarrow
31:42 Imperial Age
28:57 Loom
29:28 Hand Cart
28:58 Town Watch
33:33 Two-Man Saw
33:05 Conscription
33:08 Scale Barding Armor
33:41 Gold Mining
34:46 Chain Barding Armor
34:36 Forging
33:49 Cavalier
34:30 Husbandry
34:40 Bloodlines
35:23 Paladin
37:12 Plate Barding Armor
37:12 Iron Casting
41:24 Blast Furnace
41:35 Town Patrol
42:09 Ring Archer Armor
CAXCAN
3:52 Loom
14:50 Feudal Age
17:35 Castle Age
15:13 Man-at-Arms
16:48 Loom
17:07 Scale Mail Armor
17:18 Forging
21:37 Long Swordsman
23:45 Pikeman
25:01 Chain Mail Armor
30:37 Fortified Wall
30:46 Double-Bit Axe
31:07 Arson
33:34 Wheelbarrow
34:25 Bow Saw
33:56 Horse Collar
34:53 Hand Cart
37:43 Imperial Age
36:12 Gold Mining
38:39 Ballistics
37:49 Heavy Scorpion
38:37 Siege Engineers
37:56 Capped Ram
39:43 Double Crossbow
40:14 Scale Barding Armor
42:02 Chemistry
41:26 Light Cavalry
42:29 Chain Barding Armor
42:10 Siege Ram
CAPTAINKILL
0:27 Loom
10:33 Feudal Age
15:19 Castle Age
14:10 Double-Bit Axe
14:06 Horse Collar
15:59 Wheelbarrow
16:16 Bow Saw
16:47 Heavy Plow
21:26 Stone Mining
23:23 Gold Mining
25:32 Stone Shaft Mining
24:51 Fletching
26:05 Fortified Wall
26:31 Padded Archer Armor
26:31 Bodkin Arrow
27:35 Ballistics
29:23 Scale Mail Armor
30:23 Leather Archer Armor
30:51 Squires
30:37 Arson
30:13 Pikeman
35:06 Imperial Age
32:16 Eagle Warrior
33:52 Chain Mail Armor
33:47 Forging
36:10 Conscription
36:02 Bracer
37:05 Chemistry
37:15 Two-Man Saw
36:46 Crop Rotation
36:49 Ring Archer Armor
36:51 Plate Mail Armor
37:23 Treadmill Crane
37:27 Halberdier
38:43 Iron Casting
39:39 Elite Plumed Archer
41:32 Coinage
41:44 Elite Eagle Warrior
Zyzz
10:37 Feudal Age
14:36 Castle Age
12:42 Horse Collar
13:23 Double-Bit Axe
16:12 Bow Saw
17:07 Wheelbarrow
17:44 Loom
18:39 Fletching
20:56 Bodkin Arrow
21:33 Guard Tower
27:06 Hand Cart
31:14 Imperial Age
30:19 Crossbowman
33:22 Bodkin Arrow
34:29 Chemistry
33:50 Ballistics
34:34 Bracer
35:33 Heavy Plow
36:38 Thumb Ring
37:20 Padded Archer Armor
37:08 Pikeman
38:23 Squires
37:45 Halberdier
38:50 Fortified Wall
38:45 Scale Mail Armor
38:48 Squires
39:52 Chain Mail Armor
39:45 Gold Mining
39:45 Stone Mining
落花之情
11:01 Feudal Age
12:33 Loom
14:49 Castle Age
13:04 Double-Bit Axe
13:25 Loom
13:33 Horse Collar
15:15 Town Watch
15:59 Bow Saw
23:54 Fervor
25:27 Wheelbarrow
27:47 Treadmill Crane
29:14 Hand Cart
29:31 Fletching
30:17 Bodkin Arrow
30:41 Padded Archer Armor
31:53 Chemistry
34:28 Imperial Age
33:37 Leather Archer Armor
34:03 Wagenburg Tactics
35:47 Ring Archer Armor
[RUS-F]vov_chesn
10:59 Feudal Age
14:42 Castle Age
12:28 Double-Bit Axe
12:51 Horse Collar
15:35 Bow Saw
21:52 Wheelbarrow
22:13 Loom
22:42 Fletching
23:20 Hand Cart
24:00 Scale Barding Armor
26:07 Husbandry
29:48 Light Cavalry
35:00 Forging
35:31 Bloodlines
36:41 Iron Casting
39:46 Imperial Age
37:09 Gold Mining
38:07 Chain Barding Armor
37:55 Heavy Plow
38:35 Gold Shaft Mining
37:51 Stone Mining
39:05 Bloodlines
39:49 Cavalier
41:05 Plate Barding Armor
Connection lost

Rejoining the realm…

Still unreachable

The connection could not be restored.

Session expired

The server has moved on; the page needs a fresh start.